 Dungeon Crawl Stone Soup version 0.23-a0-619-g281719c (console) character file.

39 Duffy the Shield-Bearer (level 3, -2/34 HPs)
             Began as a Naga Fighter on Dec 22, 2018.
             Slain by a centaur (3 damage)
             ... on level 5 of the Dungeon.
             The game lasted 00:00:31 (509 turns).

Duffy the Shield-Bearer (Naga Fighter)               Turns: 509, Time: 00:00:32

Health: -2/34      AC:  4    Str: 19    XL:     3   Next: 45%
Magic:  3/3        EV:  5    Int:  8    God:
Gold:   6          SH:  9    Dex: 10    Spells: 2/2 levels left

rFire    . . .     SeeInvis +   a - +0 war axe
rCold    . . .     Gourm    .   c - +0 shield
rNeg     . . .     Faith    .   b - +0 scale mail
rPois    +         Spirit   .   (no helmet)
rElec    .         Reflect  .   (no cloak)
rCorr    .         Harm     .   (no gloves)
MR       .....                  (no barding)
Stlth    ..........             (no amulet)
HPRegen  0.11/turn              (no ring)
MPRegen  0.08/turn              (no ring)

@: very slow
A: large, see invisible, deformed body, poison resistance, slowness 2, slow
metabolism 1, spit poison 1, AC +1
a: Spit Poison


You were on level 5 of the Dungeon.
You were not hungry.

You visited 1 branch of the dungeon, and saw 5 of its levels.

You collected 6 gold pieces.

Inventory:

Hand Weapons
 a - a +0 war axe (weapon)
Armour
 b - a +0 scale mail (worn)
 c - a +0 shield (worn)
Wands
 g - a wand of paralysis (3)
Scrolls
 h - a scroll of fog {unknown}
 i - a scroll of enchant armour {unknown}
Potions
 d - a potion of might
 e - a potion of mutation {unknown}
Comestibles
 f - a ration


   Skills:
 - Level 3.0 Fighting
 + Level 3.0 Axes
 - Level 2.4 Armour
 + Level 3.1 Shields


You had 2 spell levels left.
You didn't know any spells.
Your spell library was empty.

Dungeon Overview and Level Annotations

Branches:
Dungeon (5/15)
 Temple: D:4-7

Altars:


Innate Abilities, Weirdness & Mutations

You cannot wear boots.
Your serpentine skin is tough. (AC +1)
You have supernaturally acute eyesight. (SInv)
Armour fits poorly on your strangely shaped body.
Your system is resistant to poisons. (rPois)
You cover ground very slowly.
You have a slow metabolism.
You can spit poison.


Message History

The arrow hits you!
You see here 2 arrows.
The centaur shoots an arrow.
You block the arrow.
You see here an arrow.
The centaur unwields a +0 shortbow.
You block the centaur's attack.
The centaur hits you but does no damage.
You hit the centaur.
The centaur is moderately wounded.
The centaur hits you. x2
You barely miss the centaur.
The centaur is moderately wounded.
The centaur hits you but does no damage.
A hound comes into view.
The centaur barely misses you.
The hound barks!
You hit the centaur.
The centaur is heavily wounded.
You hear a shout!
You block the centaur's attack. The centaur hits you.
You die...

....... .......
...... #...####
..>...# #.##.#
#.#####....#
#....c@(((.#
##########(#
#...#
###########.###
#.........#.#
#....<....'.#
#.........###
#.........#
#.........###


You could see a centaur.

Vanquished Creatures
  A centaur skeleton (D:4)
  A worm (D:4)
  A dart slug (D:1)
  A goblin (D:1)
  2 hobgoblins
  A ball python (D:1)
  A frilled lizard (D:2)
8 creatures vanquished.

Notes
Turn   | Place    | Note
-------+----------+-------------------------------------------
     0 | D:1      | Duffy the Naga Fighter began the quest for the Orb.
     0 | D:1      | Reached XP level 1. HP: 21/21 MP: 1/1
   168 | D:2      | Reached XP level 2. HP: 28/28 MP: 2/2
   271 | D:4      | Reached XP level 3. HP: 20/34 MP: 3/3
   489 | D:5      | Entered Level 5 of the Dungeon
   502 | D:5      | Noticed a centaur
   507 | D:5      | HP: 1/34 [centaur (1)]
   509 | D:5      | Slain by a centaur

Vault maps used:
D:1:      minmay_arrival_plants_in_alcoves
D:2:      kennysheep_vampire_church, lexackson_kobold_supper, uniq_terence
D:3:      hex_tiny
D:4:      minmay_temple_entry_grid
D:5:      ebering_ghost_sewer_d, first_ration, minmay_manual_mullet

Skill      XL: |  1  2 |
---------------+-------+-----
Axes           | 3 |  3.0
Shields        | 3 |  3.1
Fighting       | |  3.0
Armour         | |  2.4

Action                   || total
-------------------------++-------
Melee: War axe           ||    23
 Abil: Spit Poison       ||     1
Armor: Scale mail        ||    16
Dodge: Dodged            ||     8
Block: Shield            ||    19

Table legend:
 A = Non-vault XP
 B = Vault XP
 C = Vault XP percentage of total XP
 D = Non-vault monster count
 E = Vault monster count
 F = Vault count percentage of total count
                 A         B        C        D         E       F
            +---------+---------+-------+---------+---------+-------
      Total |      56 |       0 |   0.0 |       8 |       0 |   0.0
            +---------+---------+-------+---------+---------+-------
        D:1 |       9 |       0 |   0.0 |       4 |       0 |   0.0
        D:2 |       3 |       0 |   0.0 |       2 |       0 |   0.0
        D:4 |      44 |       0 |   0.0 |       2 |       0 |   0.0
            +---------+---------+-------+---------+---------+-------
